Map: Abyssal Reef LE

Players

LiquidClem (Clem)

  • Race: Protoss Protoss
  • League: Grandmaster
  • Spawn Location: 5:00

gumiho - Winner!

  • Race: Terran Terran
  • Spawn Location: 11:00

Event: HomeStory Cup XXVI

VOD

Have the link to the VOD?

Description

Time

  • Played on: Dec. 1, 2024, 2:29 p.m.
  • Length: 26:19

All games in this series

Show
View Real Time Build Order
Export as new Build Order

LiquidClem Protoss 

Build Orders: 1 Gate Expand, Blink Stalkers 

Get SALT Encoding   

  12  0:00  Probe  
  13  0:12  Probe  
  14  0:17  Pylon  
  14  0:23  Probe  
  15  0:31  Probe  
  15  0:36  Gateway  
  15  0:39  Probe  
  16  0:45  Assimilator  
  17  0:50  Probe  
  18  1:03  Probe  
  19  1:15  Probe  
  20  1:23  Cybernetics Core  
  20  1:32  Nexus  
  20  1:35  Probe  
  21  1:41  Pylon  
  21  1:47  Probe  
  21  1:49  Adept  
  21  1:50  Assimilator  
  22  1:59  Probe  
  25  2:03  Warp Gate  
  25  2:09  Adept  
  25  2:12  Probe  
  28  2:24  Probe  
  28  2:28  Twilight Council  
  29  2:36  Probe  
  30  2:40  Stalker, Probe  
  33  2:47  Blink  
  33  2:48  Probe  
  33  2:51  Probe  
  34  2:58  Gateway  
  35  3:00  Probe  
  34  3:08  Probe  
  33  3:16  Probe  
  34  3:20  Probe  
  34  3:22  Robotics Facility  
  35  3:27  Gateway  
  35  3:30  Probe  
  35  3:33  Probe  
  37  3:42  Probe  
  37  3:45  Probe  
  39  3:51  Stalker, Pylon  
  39  3:52  Stalker  
  39  3:54  Probe  
  44  3:57  Probe  
  45  4:06  Probe  
  45  4:09  Observer  
  46  4:15  Nexus  
  47  4:17  Probe  
  47  4:18  Probe  
  47  4:21  Stalker, Pylon  
  51  4:27  Stalker  
  51  4:30  Probe  
  50  4:39  Stalker  
  50  4:44  Stalker  
  53  4:45  Probe  
  53  4:49  Probe  
  55  4:57  Assimilator  
  55  4:58  Probe  
  56  5:00  Observer  
  56  5:03  Probe  
  56  5:04  Pylon  
  58  5:09  Stalker, Probe  
  58  5:13  Probe  
  61  5:18  Stalker, Probe  
  61  5:28  Charge  
  61  5:32  Stalker  
  62  5:41  Stalker  
  62  5:42  Probe x2  
  64  5:45  Probe  
  48  5:53  Probe  
  48  5:54  Probe x2  
  46  6:00  Stalker x2  
  46  6:01  Probe  
  51  6:06  Probe  
  51  6:08  Forge, Probe  
  54  6:11  Probe  
  54  6:15  Observer  
  57  6:18  Probe  
  57  6:19  Gateway  
  57  6:21  Probe  
  57  6:24  Probe  
  59  6:30  Probe  
  60  6:34  Probe  
  60  6:39  Stalker x3  
  58  6:40  Probe x2  
  58  6:42  Protoss Ground Weapons Level 1  
  58  6:43  Probe  
  58  6:49  Probe  
  58  6:51  Probe  
  58  6:52  Probe  
  58  6:57  Probe  
  58  7:00  Probe x2  
  60  7:02  Stalker  
  60  7:08  Gateway  
  64  7:09  Probe x2  
  64  7:12  Probe  
  64  7:14  Gateway  
  67  7:20  Warp Prism  
  67  7:22  Probe x2  
  70  7:25  Sentry  
  70  7:27  Probe  
  74  7:31  Pylon  
  74  7:34  Probe  
  73  7:38  Observer, Gateway x2  
  73  7:41  Probe  
  74  7:46  Probe  
  74  7:47  Pylon  
  74  7:49  Sentry, Zealot x2  
  74  7:50  Zealot  
  83  7:55  Pylon  
  83  8:02  Probe  
  83  8:03  Probe  
  83  8:04  Probe  
  84  8:10  Zealot x3  
  84  8:11  Zealot x2  
  94  8:14  Pylon  
  94  8:15  Zealot  
  94  8:16  Observer, Probe  
  94  8:18  Protoss Ground Weapons Level 2  
  97  8:27  Pylon  
  97  8:33  Robotics Bay  
  97  8:35  Nexus  
  97  8:41  Zealot x3  
  97  8:43  Zealot  
  97  8:46  Pylon  
  105  8:54  Pylon  
  105  8:55  Assimilator  
  101  9:02  Colossus  
  101  9:03  Zealot x4  
  101  9:06  Zealot  
  101  9:07  Zealot  
  113  9:14  Zealot x2  
  115  9:29  Shield Battery  
  115  9:33  Zealot x2  
  115  9:34  Zealot x3  
  115  9:38  Zealot x2  
  127  9:39  Zealot  
  127  9:40  Probe  
  127  9:43  Colossus  
  127  9:44  Pylon  
  127  10:01  Stalker  
  127  10:02  Stalker x2  
  127  10:03  Probe x2  
  127  10:04  Probe  
  127  10:06  Probe  
  136  10:17  Zealot  
  134  10:22  Zealot x3, Probe  
  134  10:23  Probe  
  134  10:24  Zealot x3  
  134  10:25  Zealot  
  146  10:31  Colossus, Pylon  
  146  10:32  Probe  
  146  10:33  Probe  
  146  10:35  Probe  
  141  10:36  Probe  
  141  10:41  Protoss Ground Weapons Level 3  
  132  10:51  Zealot x2  
  132  10:52  Zealot x2  
  132  10:53  Zealot x4  
  132  10:56  Probe  
  132  10:57  Probe x3  
  150  11:04  Forge  
  147  11:08  Probe  
  147  11:09  Probe  
  125  11:14  Colossus  
  125  11:16  Stalker  
  125  11:17  Stalker x4  
  123  11:23  Stalker x2  
  111  11:26  Protoss Ground Armor Level 1  
  113  11:34  Probe x2  
  108  11:41  Sentry, Gateway  
  108  11:42  Zealot x2  
  108  11:44  Gateway  
  113  11:47  Zealot x3  
  113  11:50  Zealot  
  113  11:51  Zealot  
  123  11:55  Shield Battery  
  123  11:57  Assimilator  
  123  11:58  Colossus  
  123  12:03  Pylon  
  123  12:07  Zealot x2  
  127  12:11  Zealot  
  132  12:18  Extended Thermal Lance  
  130  12:26  Zealot x5  
  130  12:34  Zealot x3  
  124  12:38  Zealot  
  124  12:41  Colossus  
  114  12:44  Zealot  
  114  12:47  Zealot x5  
  120  12:57  Zealot x2  
  124  13:04  Stalker x2  
  126  13:08  Zealot x4  
  126  13:11  Protoss Ground Armor Level 2  
  132  13:13  Zealot x2  
  136  13:24  Nexus  
  134  13:27  Sentry x2  
  134  13:29  Dark Shrine  
  134  13:32  Zealot x3  
  134  13:33  Observer  
  142  13:39  Zealot x3  
  149  13:43  Zealot x2  
  149  13:52  Robotics Facility  
  143  14:00  Zealot x5  
  133  14:03  Stalker x2  
  133  14:05  Colossus  
  113  14:12  Zealot x3  
  113  14:27  Stalker x2  
  113  14:28  Stalker, Probe  
  113  14:29  Probe x3  
  116  14:36  Probe  
  115  14:39  Observer, Stalker x2  
  115  14:40  Probe  
  115  14:41  Probe x2  
  122  14:47  Disruptor  
  122  14:53  Assimilator  
  122  14:56  Zealot x3  
  122  14:58  Disruptor  
  136  15:04  Assimilator  
  136  15:06  Assimilator  
  136  15:10  Zealot x2  
  136  15:11  Zealot x3  
  132  15:18  Zealot x3  
  132  15:23  Colossus, Disruptor  
  132  15:27  Protoss Ground Armor Level 3  
  132  15:36  Stalker x2  
  132  15:42  Zealot x2  
  140  15:44  Zealot  
  142  15:51  Zealot x2  
  146  16:00  Pylon  
  146  16:01  Disruptor  
  146  16:02  Zealot x3  
  152  16:06  Dark Templar  
  152  16:18  Zealot x4  
  157  16:19  Zealot x2  
  157  16:22  Probe  
  157  16:23  Probe  
  148  16:28  Stalker x2  
  130  16:34  Stalker  
  116  16:40  Zealot  
  116  16:41  Zealot, Dark Templar  
  116  16:47  Stalker x2  
  118  16:53  Stalker x2  
  113  16:55  Observer  
  113  16:58  Probe  
  113  16:59  Probe  
  94  17:02  Warp Prism  
  94  17:05  Zealot  
  94  17:06  Zealot x3  
  96  17:16  Observer  
  96  17:17  Probe x3  
  96  17:21  Observer  
  96  17:22  Zealot  
  101  17:26  Probe x2  
  101  17:28  Robotics Facility  
  103  17:30  Zealot  
  103  17:31  Zealot  
  103  17:32  Sentry, Assimilator  
  109  17:38  Disruptor  
  113  17:54  Zealot x4  
  113  17:57  Dark Templar  
  121  18:05  Zealot  
  121  18:06  Zealot x4  
  121  18:07  Colossus  
  121  18:08  Disruptor  
  131  18:17  Nexus  
  135  18:29  Zealot x5  
  145  18:36  Zealot x2  
  145  18:37  Zealot  
  151  18:41  Pylon  
  151  18:43  Disruptor  
  151  18:44  Stalker x2, Shield Battery  
  153  18:49  Disruptor  
  153  18:51  Stalker x2  
  163  19:03  Zealot  
  163  19:04  Zealot x2  
  163  19:06  Disruptor  
  163  19:08  Pylon  
  169  19:16  Shadow Stride  
  154  19:32  Nexus  
  154  19:37  Zealot  
  154  19:38  Observer, Zealot x3, Stalker x4  
  154  19:39  Stalker  
  154  19:40  Stalker  
  138  19:52  Disruptor  
  134  19:57  Stalker  
  140  20:00  Nexus  
  140  20:04  Pylon  
  139  20:08  Zealot x4  
  147  20:16  Disruptor  
  147  20:19  Nexus  
  147  20:21  Zealot x4, Dark Templar x2  
  161  20:41  Stalker, Disruptor  
  161  20:42  Stalker x2  
  161  21:01  Disruptor  
  134  21:07  Stalker x2  
  134  21:09  Stalker x3  
  128  21:13  Zealot x2  
  114  21:22  Zealot x2  
  102  21:35  Dark Templar x2  
  102  21:38  Dark Templar  
  108  21:51  Disruptor  
  108  21:54  Nexus  
  108  21:58  Disruptor  
  116  22:14  Stalker x2  
  120  22:20  Stalker x2  
  118  22:31  Observer  
  114  22:39  Disruptor x2  
  114  22:41  Dark Templar  
  114  22:42  Dark Templar  
  114  22:44  Dark Templar  
Show
View Real Time Build Order
Export as new Build Order

gumiho Terran - Winner!

Build Orders:  

Get SALT Encoding   

  12  0:00  SCV  
  13  0:12  SCV  
  14  0:17  Supply Depot  
  14  0:24  SCV  
  15  0:38  SCV  
  15  0:40  Barracks  
  16  0:44  Refinery  
  16  0:50  SCV  
  16  0:53  Refinery  
  17  1:02  SCV  
  18  1:15  SCV  
  19  1:29  Orbital Command, Reaper  
  20  1:33  Supply Depot  
  20  1:42  Factory  
  20  1:55  SCV  
  20  2:01  Reaper  
  22  2:07  SCV  
  23  2:20  Command Center  
  23  2:24  SCV  
  23  2:29  Hellion  
  26  2:34  Barracks Reactor  
  26  2:36  SCV  
  27  2:46  Starport  
  27  2:48  SCV  
  28  3:00  SCV  
  28  3:01  Supply Depot, Factory Tech Lab  
  27  3:13  Marine x2  
  27  3:14  SCV  
  30  3:23  Medivac, Siege Tank  
  30  3:26  SCV  
  36  3:31  Marine x2  
  38  3:37  Orbital Command  
  38  3:42  SCV  
  38  3:45  Supply Depot  
  39  3:50  Marine x2  
  41  3:57  Siege Tank  
  41  3:59  SCV  
  45  4:04  Viking  
  45  4:06  SCV  
  45  4:09  Marine  
  49  4:10  Marine  
  49  4:15  SCV  
  50  4:18  SCV  
  51  4:27  SCV, Marine  
  51  4:28  Marine  
  51  4:29  Siege Tank  
  51  4:30  SCV  
  57  4:39  SCV  
  57  4:41  Barracks  
  57  4:42  SCV  
  57  4:43  Viking  
  57  4:44  Marine  
  62  4:56  Supply Depot  
  62  4:59  Barracks, Engineering Bay  
  62  5:07  Marine  
  62  5:13  Supply Depot  
  62  5:18  Siege Tank, SCV x2, Viking, Marine  
  66  5:25  Marine  
  59  5:28  Marine  
  59  5:30  SCV x2  
  60  5:35  Marine  
  60  5:42  SCV x2  
  63  5:43  Marine  
  59  5:53  Barracks Tech Lab, Marine  
  59  5:54  Barracks Tech Lab, SCV x2  
  52  5:59  Terran Infantry Weapons Level 1  
  52  6:01  Marine  
  52  6:04  Siege Tank  
  56  6:06  SCV x2  
  56  6:09  Refinery  
  56  6:11  Refinery  
  58  6:12  Marine  
  58  6:13  Marine x2  
  61  6:19  Stimpack  
  58  6:31  Marauder x2  
  58  6:32  Marine x2  
  54  6:42  SCV x2  
  52  6:49  Marine x2  
  52  6:52  Marauder  
  52  6:53  Marauder  
  58  6:54  SCV x2  
  58  6:55  Starport Reactor  
  58  7:00  Siege Tank  
  63  7:06  SCV x2  
  65  7:09  Supply Depot  
  65  7:11  Combat Shield  
  65  7:18  SCV x2  
  67  7:24  Marauder x2  
  67  7:25  Marine  
  67  7:26  Marine  
  72  7:33  SCV x2  
  72  7:36  Supply Depot  
  74  7:37  Medivac  
  74  7:39  Medivac  
  78  7:45  Missile Turret, SCV x2  
  78  7:48  Marauder  
  82  7:54  Marauder  
  82  7:56  Terran Infantry Armor Level 1  
  82  7:58  Concussive Shells, Factory Reactor  
  84  8:02  Marine x2  
  86  8:11  Command Center  
  86  8:16  Marauder x2  
  90  8:20  Marine  
  91  8:30  Barracks x2  
  91  8:32  Medivac  
  93  8:37  Medivac, Supply Depot  
  93  8:38  Supply Depot  
  95  8:42  Widow Mine  
  95  8:43  Widow Mine  
  95  8:46  SCV x2  
  101  8:55  Supply Depot  
  101  8:59  Marauder  
  96  9:17  Marauder, Marine x2  
  96  9:18  Marauder  
  96  9:20  SCV x2  
  104  9:26  Widow Mine x2  
  104  9:28  Marauder  
  110  9:36  Marine  
  108  9:39  Marauder x2  
  108  9:45  Medivac, Barracks Reactor  
  112  9:49  Marauder  
  112  9:50  SCV x2  
  115  9:59  Marine x2  
  114  10:00  Marauder x2  
  118  10:07  SCV x2  
  118  10:10  Marauder  
  120  10:14  Widow Mine x2  
  120  10:16  Marine  
  125  10:22  Marauder x2, Marine  
  125  10:26  Orbital Command  
  130  10:34  Marauder, Marine  
  133  10:36  Widow Mine x2  
  132  10:43  Marauder, SCV x2  
  132  10:44  Marauder, Marine  
  139  10:53  Viking x2  
  139  10:56  SCV  
  140  10:57  Marine  
  140  11:00  Marauder  
  140  11:03  Supply Depot  
  141  11:05  Marauder  
  141  11:06  SCV x2  
  141  11:08  Marauder  
  127  11:21  Widow Mine x2  
  127  11:22  Marauder  
  127  11:23  Marine  
  127  11:24  Marine x2  
  130  11:27  Marauder  
  130  11:29  Marauder  
  129  11:36  Viking  
  129  11:39  Marine  
  132  11:41  Marine  
  132  11:42  Widow Mine x2  
  132  11:43  Marauder  
  132  11:44  SCV  
  140  11:47  Armory  
  140  11:48  Marauder  
  140  11:49  Marine  
  140  11:51  Marauder  
  145  11:58  Supply Depot  
  145  11:59  Supply Depot  
  145  12:00  Fusion Core  
  145  12:05  Marauder  
  145  12:08  SCV  
  148  12:10  Marauder  
  148  12:15  Marauder  
  144  12:26  Marauder  
  138  12:31  Medivac, Marauder  
  138  12:32  Medivac, Widow Mine x2  
  138  12:36  Marauder  
  140  12:39  Marine x2  
  134  12:44  Caduceus Reactor  
  134  12:47  Marauder  
  136  12:52  Marauder  
  136  12:58  Marauder, Command Center  
  135  13:01  Viking  
  135  13:02  Viking  
  135  13:05  Terran Infantry Weapons Level 2  
  134  13:09  Marauder  
  134  13:14  Marauder  
  134  13:15  Marine x4  
  134  13:19  Marauder  
  142  13:22  Supply Depot x2  
  142  13:30  Marauder  
  142  13:33  Marine x4  
  148  13:35  Marauder  
  148  13:39  Viking x2  
  154  13:43  Advanced Ballistics  
  154  13:46  Missile Turret  
  154  13:49  SCV x3  
  154  13:57  Marauder, Marine x2  
  154  13:58  Marauder x2, Marine  
  154  13:59  Marine  
  131  14:11  Viking  
  119  14:18  Marine x2  
  119  14:19  Marauder x3  
  126  14:26  Marine x2  
  126  14:28  SCV x3  
  129  14:40  Marauder x3, Marine x2  
  137  14:46  Engineering Bay  
  137  14:49  Marine x2  
  137  14:52  Liberator x2  
  135  14:58  Marine x2  
  141  15:00  Planetary Fortress, Refinery x2  
  141  15:02  Marauder x3  
  147  15:10  Marine x2  
  147  15:16  Marine  
  145  15:23  Marauder x2  
  145  15:27  Marauder, Terran Infantry Weapons Level 3, Terran Infantry Armor Level 2  
  146  15:32  Marine x2  
  146  15:37  Marine x2  
  148  15:44  Marauder  
  148  15:45  Marauder  
  152  15:50  Marauder, Marine  
  152  15:56  Barracks  
  155  15:57  Barracks  
  155  15:59  Terran Ship Weapons Level 1  
  155  16:00  Barracks  
  155  16:02  SCV x2  
  157  16:04  Marine x2  
  157  16:10  Marauder, Marine  
  157  16:11  Marine  
  153  16:26  Orbital Command  
  153  16:29  Marine  
  153  16:30  Marauder x2, Marine  
  153  16:31  Marine x2  
  126  16:46  Marauder  
  122  16:47  Marine x2  
  122  16:50  Marine x2  
  122  16:51  Marauder x2  
  125  16:56  Widow Mine  
  125  16:57  Widow Mine  
  107  17:05  Marine  
  107  17:07  Marauder  
  107  17:08  Barracks Tech Lab x2, Barracks Reactor  
  98  17:09  Marine  
  98  17:13  Marauder x2  
  98  17:15  Medivac, Missile Turret  
  95  17:20  Medivac  
  99  17:25  Marine  
  99  17:27  Marine x2  
  99  17:28  Marine  
  99  17:29  Marauder  
  105  17:32  Marauder  
  105  17:34  Marauder  
  105  17:35  Orbital Command  
  105  17:36  Missile Turret  
  109  17:41  Starport  
  109  17:44  Marauder  
  111  17:45  Missile Turret  
  111  17:47  Medivac  
  111  17:50  Medivac  
  115  17:53  Marauder  
  115  17:57  Marauder  
  115  17:58  Marauder  
  121  17:59  Marauder  
  120  18:13  Marauder  
  120  18:15  Marauder, SCV x3  
  120  18:18  Marauder, Marine  
  120  18:19  Marauder  
  131  18:21  Marauder  
  131  18:22  Missile Turret  
  132  18:30  Liberator x2  
  139  18:34  Marauder  
  139  18:35  Refinery  
  139  18:36  Marauder  
  139  18:39  SCV x3  
  139  18:40  Marauder x2  
  149  18:42  Marauder  
  151  18:53  Marine x2  
  151  18:54  Marine  
  154  18:56  Marauder, Marine  
  154  18:57  Marauder  
  154  18:59  SCV x3  
  154  19:01  Marauder, Refinery  
  162  19:05  Barracks Reactor  
  162  19:06  Marine x2  
  164  19:11  Marine  
  164  19:15  Liberator  
  164  19:16  Missile Turret  
  170  19:17  Marauder  
  170  19:19  Marauder, Marine  
  170  19:23  Marauder, Marine  
  171  19:38  Medivac, Marauder  
  167  19:40  Marauder  
  167  19:44  Marauder  
  163  19:58  Marine x2  
  163  19:59  Marine x3  
  169  20:00  Marauder, Marine, Liberator  
  169  20:02  Marauder  
  169  20:03  Command Center  
  169  20:05  Marauder, Refinery  
  178  20:14  Liberator  
  183  20:21  Marauder  
  183  20:22  Marine  
  183  20:23  Barracks Tech Lab x2, Marauder  
  183  20:27  Marauder  
  182  20:40  Missile Turret  
  188  20:42  Marauder  
  188  20:43  Marauder x2  
  188  20:51  Marine x2  
  188  20:55  Marine x3  
  188  20:58  Marauder  
  188  20:59  Marauder  
  172  21:04  Marauder  
  162  21:12  Marauder x2  
  159  21:20  Marauder x2  
  159  21:22  Marine x2  
  159  21:24  Medivac  
  146  21:25  Marauder  
  146  21:27  Marine x4  
  145  21:33  Marauder  
  145  21:34  Marauder  
  145  21:39  Marine  
  149  21:40  Marine  
  149  21:41  Marauder  
  149  21:42  Marauder  
  149  21:45  Marine x4  
  149  21:47  Marauder  
  159  21:55  Marauder x2  
  159  21:57  Marine x2  
  164  22:02  Marauder, Marine x2  
  164  22:03  Marauder, Marine x2  
  164  22:08  Marauder  
  174  22:15  Marine  
  173  22:16  Marauder x2, Marine  
  173  22:20  SCV x3, Marine  
  173  22:21  Missile Turret  
  183  22:24  Marauder x2  
  183  22:29  Marauder  
  185  22:32  SCV x2  
  183  22:38  Marauder x2  
  183  22:41  Planetary Fortress  
  187  22:45  Marauder  
  187  22:46  Marauder  
  187  22:51  Marauder  
  192  22:57  Missile Turret  
  172  22:59  Marine x3  
  161  23:06  Marauder  
  161  23:07  Marauder  
  161  23:12  Marauder  
  161  23:28  Marauder  
  161  23:29  Marauder  
  161  23:34  Marauder  
  161  23:49  Marauder  
Tags
 
Add a new tag
Caveats
  • Supply blocks, unpowered buildings, or Contaminate may cause inaccurate times.
  • Supply counts are checked every 10 seconds.